Map: Bel'Shir Vestige LE (Void)

Players

Loken - Winner!

  • Race: Zerg Zerg
  • League: Platinum
  • Spawn Location: 11:00

Natiking

  • Race: Terran Terran
  • Spawn Location: 5:00

VOD

Have the link to the VOD?

Description

Time

  • Played on: April 10, 2017, 6:07 p.m.
  • Length: 12:07
Show
View Real Time Build Order
Export as new Build Order

Loken Zerg - Winner!

Build Orders: Hatch First 

Get SALT Encoding   

  12  0:01  Drone  
  13  0:08  Drone  
  14  0:18  Overlord  
  14  0:36  Drone x3  
  17  0:54  Hatchery  
  17  0:55  Drone  
  17  1:00  Drone  
  18  1:13  Spawning Pool  
  18  1:17  Drone  
  18  1:20  Extractor  
  18  1:23  Drone  
  18  1:31  Drone  
  19  1:41  Drone  
  20  1:51  Overlord  
  20  2:03  Queen  
  20  2:05  Queen  
  24  2:11  Drone x2  
  26  2:22  Extractor  
  26  2:25  Metabolic Boost  
  26  2:28  Zergling x2  
  26  2:29  Zergling x6  
  29  2:35  Drone  
  30  2:46  Drone  
  30  2:47  Drone  
  30  2:51  Queen  
  34  2:52  Queen  
  36  2:58  Overlord  
  36  3:26  Drone x8  
  44  3:41  Overlord x2  
  44  4:04  Lair  
  44  4:06  Drone  
  44  4:07  Drone x8  
  53  4:11  Spore Crawler  
  53  4:15  Spore Crawler  
  51  4:17  Spore Crawler  
  50  4:32  Zergling x2  
  50  4:33  Zergling x16  
  50  4:36  Extractor  
  50  4:37  Extractor  
  57  4:40  Spine Crawler  
  57  4:44  Drone x2  
  57  4:45  Spine Crawler  
  57  5:03  Zergling x6  
  60  5:22  Hydralisk Den  
  60  5:27  Drone  
  60  5:29  Overlord  
  60  5:30  Overlord x2  
  60  5:32  Pneumatized Carapace  
  60  5:52  Zergling x2  
  60  5:53  Zergling x14  
  68  6:03  Hatchery  
  67  6:07  Hatchery  
  67  6:08  Zergling x2  
  67  6:09  Zergling x14  
  74  6:25  Muscular Augments  
  74  6:32  Overlord x4  
  74  6:38  Hatchery  
  73  7:10  Hydralisk  
  73  7:11  Hydralisk x9  
  70  7:35  Hydralisk  
  70  7:36  Hydralisk x4  
  72  7:56  Drone x8  
  80  8:17  Infestation Pit  
  79  8:20  Drone  
  79  8:21  Drone x7  
  79  8:23  Drone  
  88  8:43  Drone  
  88  8:44  Drone x10  
  99  8:52  Extractor  
  99  8:54  Drone x5, Extractor  
  99  8:55  Drone  
  103  9:04  Queen  
  105  9:35  Hydralisk x8  
  105  9:36  Hydralisk x6  
  133  9:50  Lurker Den  
  133  9:56  Hive  
  133  10:15  Hatchery  
  132  10:31  Hydralisk  
  132  10:35  Overlord x2  
  134  10:36  Overlord x4  
  134  10:48  Evolution Chamber  
  134  10:49  Evolution Chamber  
  132  10:51  Evolution Chamber  
  131  11:09  Hydralisk x15  
  131  11:10  Hydralisk x9  
  179  11:34  Hydralisk x4  
Show
View Real Time Build Order
Export as new Build Order

Natiking Terran 

Build Orders:  

Get SALT Encoding   

  12  0:00  SCV  
  13  0:13  SCV  
  14  0:25  SCV  
  15  0:29  Supply Depot  
  15  0:50  SCV  
  15  0:54  Barracks  
  16  1:02  SCV  
  17  1:10  Barracks  
  17  1:14  SCV  
  18  1:24  Refinery  
  18  1:27  SCV  
  19  1:39  SCV  
  20  1:42  Marine  
  21  1:52  SCV  
  22  1:57  Marine  
  23  2:05  Supply Depot  
  23  2:11  Supply Depot  
  23  2:16  Supply Depot  
  23  2:26  Marine  
  24  2:31  Marine  
  25  2:41  Factory  
  25  2:44  Marine  
  25  2:49  Marine, Engineering Bay  
  27  2:53  Barracks  
  27  3:00  Command Center  
  27  3:01  Marine  
  28  3:06  Marine  
  29  3:16  SCV  
  29  3:19  Marine  
  31  3:40  Marine x2  
  33  3:58  Marine  
  33  3:59  Armory, Marine  
  33  4:00  Marine  
  33  4:02  Terran Infantry Weapons Level 1  
  36  4:11  Supply Depot  
  36  4:16  Marine x2  
  37  4:17  Marine  
  37  4:21  Bunker  
  39  4:34  Marine x2  
  39  4:35  SCV, Marine  
  43  4:47  Barracks  
  45  4:53  Hellbat  
  45  4:55  Marine x2  
  45  4:56  Marine  
  45  4:58  SCV  
  49  5:10  SCV  
  50  5:17  Factory Tech Lab  
  50  5:19  Marine x2  
  50  5:20  Marine  
  53  5:37  Marine  
  53  5:38  Marine  
  53  5:39  Thor  
  53  5:42  Marine  
  62  5:44  SCV  
  63  5:50  SCV  
  63  5:56  Marine  
  65  6:02  SCV, Marine  
  65  6:04  Marine  
  68  6:14  Marine  
  68  6:15  SCV  
  70  6:24  Marine  
  70  6:38  Supply Depot  
  70  6:40  Supply Depot  
  70  6:59  Marine x3  
  70  7:00  Marine  
  74  7:03  Supply Depot  
  74  7:05  Supply Depot  
  74  7:06  Supply Depot  
  74  7:17  Marine x3  
  74  7:18  Marine  
  64  7:34  Marine  
  61  7:41  Marine  
  63  7:47  Barracks Tech Lab  
  62  7:52  Marine  
  63  7:58  Marine  
  63  8:02  Factory  
  63  8:05  SCV  
  65  8:11  Refinery  
  65  8:16  Marine  
  65  8:17  SCV, Marine x2  
  65  8:18  Marine  
  70  8:24  Stimpack  
  70  8:25  SCV  
  71  8:30  Terran Infantry Weapons Level 2  
  71  8:34  Marine, Hellbat  
  71  8:35  Marine x2  
  71  8:36  Marine  
  77  8:46  SCV  
  78  8:52  Marine x2, Command Center  
  78  8:53  Marine  
  78  8:54  SCV, Marine  
  83  8:56  Hellbat  
  83  8:58  SCV  
  86  9:06  SCV  
  87  9:10  Marine x2  
  87  9:11  Marine  
  87  9:12  Marine  
  87  9:15  Supply Depot  
  87  9:16  Supply Depot  
  91  9:17  Hellbat  
  93  9:28  Marine x2  
  96  9:37  Barracks Tech Lab  
  95  9:46  Marine x2, Barracks Tech Lab  
  95  9:47  Hellbat  
  99  9:59  Marauder  
  101  10:04  Marauder, Marine  
  104  10:10  Refinery  
  104  10:22  Marine  
  104  10:25  Marauder  
  107  10:39  Marine x2  
  107  10:41  Marauder  
  111  10:44  Hellbat  
  111  10:46  Marine  
  114  10:57  Marine x2  
  114  11:03  Marauder  
  118  11:04  Marine  
  119  11:15  Marine x2, Hellbat  
  123  11:22  Marine  
  123  11:23  SCV, Marine  
  126  11:32  Marine  
  126  11:35  SCV  
  126  11:37  Hellbat  
  130  11:40  Marine  
  130  11:41  Marine  
Tags
 
Add a new tag
Caveats
  • Supply blocks, unpowered buildings, or Contaminate may cause inaccurate times.
  • Supply counts are checked every 10 seconds.